 Dungeon Sprint DCSS version 0.26-a0-710-g95a0c6c400 (webtiles) character file.

Game seed: 14338036496330221162

1593 mhtbhm the Impaler (level 8, -3/114 HPs)
             Began as a Merfolk Berserker on Oct 31, 2020.
             Was a High Priest of Trog.
             Slain by a 20-headed hydra (4 damage)
             ... in the Dungeon (Sprint IX: "|||||||||||||||||||||||||||||").
             The game lasted 00:01:58 (1015 turns).

mhtbhm the Impaler (Merfolk Berserker)              Turns: 1015, Time: 00:01:58

Health: -3/114     AC: 20    Str: 19    XL:     8   Next: 93%
Magic:  8/8        EV: 13    Int:  9    God:    Trog [*****.]
Gold:   0          SH:  0    Dex: 14    Spells: 7/7 levels left

rFire    . . .     SeeInvis .   a - +2 halberd (protect)
rCold    . . .     Faith    .   (shield currently unavailable)
rNeg     . . .     Spirit   .   b - +1 chain mail
rPois    .         Reflect  .   m - +0 helmet
rElec    .         Harm     .   l - +0 cloak
rCorr    .         Rampage  .   (no gloves)
MR       .....     NoTele   +   (no boots)
Stlth    ..........             (no amulet)
HPRegen  0.29/turn              n - +3 ring of intelligence
MPRegen  0.11/turn              o - +2 ring of evasion

@: berserking, protection aura, very quick
A: change form in water, swift swim, stealthy swim
a: Berserk, Trog's Hand, Brothers in Arms, Renounce Religion


You were in the Dungeon.
You worshipped Trog.
Trog was extremely pleased with you.
You visited 1 branch

Inventory:

Hand Weapons
 a - a +2 halberd of protection (weapon)
Armour
 b - a +1 chain mail (worn)
 l - a +0 cloak (worn)
 m - a +0 helmet (worn)
Jewellery
 n - a +3 ring of intelligence (left hand)
 o - a +2 ring of evasion (right hand)
Wands
 k - a wand of acid (7)
Scrolls
 h - a scroll of blinking
 j - 4 scrolls of remove curse
 q - 4 scrolls of identify
 s - 2 scrolls of fog
 t - 2 scrolls of enchant weapon
Potions
 c - 5 potions of curing
 d - 5 potions of heal wounds
 e - 3 potions of haste
 f - 4 potions of magic
 g - 2 potions of berserk rage
 i - a potion of invisibility
 p - a potion of might
Miscellaneous
 r - a phial of floods


   Skills:
 + Level 12.1 Fighting
 + Level 17.6 Polearms
 + Level 5.0 Armour
 + Level 8.5 Dodging
 + Level 2.9 Stealth


You had 7 spell levels left.
You didn't know any spells.
Your spell library was empty.

Dungeon Overview and Level Annotations

Branches:
Dungeon (1/1)

Altars:
Cheibriados
Dithmenos
Elyvilon
Fedhas
Gozag
Hepliaklqana
Kikubaaqudgha
Makhleb
Nemelex Xobeh
Okawaru
Qazlal
Ru
Sif Muna
Trog
Uskayaw
Vehumet
Wu Jian
Xom
Yredelemnul
Zin
The Shining One
Beogh
Jiyva
Lugonu


Message History

The 19-headed hydra barely misses you. The 19-headed hydra bites you.
* * * LOW HITPOINT WARNING * * *
The 19-headed hydra bites you.
* * * LOW HITPOINT WARNING * * *
Unknown command.
The komodo dragon hisses angrily.
You lop one of the 19-headed hydra's heads off!
The 18-headed hydra grows two more!
You slice the 20-headed hydra!!
The 20-headed hydra is almost dead.
Unknown command.
Your chain mail prevents you from hitting the 20-headed hydra.
The 20-headed hydra is almost dead.
The 20-headed hydra bites you but does no damage. x4
The 20-headed hydra barely misses you.
The 20-headed hydra bites you but does no damage. x5
The 20-headed hydra bites you!
* * * LOW HITPOINT WARNING * * *
The 20-headed hydra bites you but does no damage.
The 20-headed hydra bites you.
You die...

▓▓▓▓▓▓▓▓▓▓▓▓▓▓▓▓▓▓▓▓▓▓▓▓
▓......@DYF...l.(...DYF.
▓.▓▓▓▓▓▓▓▓▓▓▓▓▓▓▓▓▓▓▓▓▓▓
▓.......................
▓▓▓▓▓▓▓▓▓▓▓▓▓▓▓▓▓▓▓▓▓▓▓▓
▓<...†)...())....'______
▓▓▓▓▓▓▓▓▓▓▓▓▓▓▓▓▓▓▓▓▓▓▓▓


You could see a 20-headed hydra (corroded), a komodo dragon, a yak and a cane
toad.

Vanquished Creatures
  A cyclops (D)
  2 cane toads (D)
  A spriggan (shapeshifter) (D)
  A basilisk (D)
  A water moccasin (D)
  A centaur (D)
  A bullfrog (D)
  A killer bee (D)
  2 hounds (D)
  An orc priest (D)
  An adder (D)
  2 leopard geckos (D)
  An orc (D)
  2 goblins (D)
  A hobgoblin (D)
  A ball python skeleton (D)
  A frilled lizard (D)
  A kobold (D)
  A leopard gecko skeleton (D)
  A leopard gecko zombie (D)
24 creatures vanquished.

Notes
Turn   | Place    | Note
-------+----------+-------------------------------------------
     0 | D        | mhtbhm the Merfolk Berserker began the quest for the Orb.
     0 | D        | Reached XP level 1. HP: 18/18 MP: 1/1
    11 | D        | Reached ** piety under Trog
    12 | D        | Reached skill level 5 in Polearms
   152 | D        | Noticed an orc priest
   152 | D        | Noticed a hound
   152 | D        | Noticed a centaur
   157 | D        | Killed an orc priest
   157 | D        | Reached skill level 5 in Fighting
   157 | D        | Reached skill level 7 in Polearms
   157 | D        | Reached XP level 2. HP: 25/27 MP: 2/2
   157 | D        | Reached XP level 3. HP: 31/33 MP: 3/3
   161 | D        | Reached *** piety under Trog
   161 | D        | Reached skill level 8 in Polearms
   161 | D        | Reached XP level 4. HP: 39/40 MP: 4/4
   166 | D        | Killed a centaur
   166 | D        | Reached skill level 10 in Polearms
   166 | D        | Reached skill level 5 in Dodging
   166 | D        | Reached skill level 1 in Stealth
   166 | D        | Reached XP level 5. HP: 26/48 MP: 5/5
   212 | D        | Found a roughly hewn altar of Beogh.
   212 | D        | Found a snail-covered altar of Cheibriados.
   212 | D        | Found a shadowy altar of Dithmenos.
   212 | D        | Found a white marble altar of Elyvilon.
   212 | D        | Found a blossoming altar of Fedhas.
   212 | D        | Found an opulent altar of Gozag.
   213 | D        | Found a hazy altar of Hepliaklqana.
   214 | D        | Found a viscous altar of Jiyva.
   215 | D        | Found an ancient bone altar of Kikubaaqudgha.
   216 | D        | Found a corrupted altar of Lugonu.
   217 | D        | Found a burning altar of Makhleb.
   218 | D        | Found a sparkling altar of Nemelex Xobeh.
   219 | D        | Found an iron altar of Okawaru.
   220 | D        | Found a stormy altar of Qazlal.
   221 | D        | Found a sacrificial altar of Ru.
   222 | D        | Found a shimmering blue altar of Sif Muna.
   223 | D        | Found a bloodstained altar of Trog.
   224 | D        | Found a hide-covered altar of Uskayaw.
   225 | D        | Found a radiant altar of Vehumet.
   226 | D        | Found an ornate altar of the Wu Jian Council.
   227 | D        | Found a shimmering altar of Xom.
   228 | D        | Found a basalt altar of Yredelemnul.
   229 | D        | Found a glowing silver altar of Zin.
   230 | D        | Found a glowing golden altar of the Shining One.
   389 | D        | Reached **** piety under Trog
   393 | D        | Reached skill level 11 in Polearms
   429 | D        | Noticed a water moccasin
   429 | D        | Noticed a basilisk
   429 | D        | Noticed a spriggan
   429 | D        | Noticed a cyclops
   438 | D        | Killed a water moccasin
   438 | D        | Reached ***** piety under Trog
   438 | D        | Reached skill level 12 in Polearms
   438 | D        | Reached XP level 6. HP: 58/58 MP: 6/6
   441 | D        | Killed a basilisk
   441 | D        | Reached skill level 13 in Polearms
   441 | D        | Reached XP level 7. HP: 65/65 MP: 7/7
   445 | D        | Received a gift from Trog
   448 | D        | Killed a spriggan
   448 | D        | Reached skill level 10 in Fighting
   448 | D        | Reached skill level 14 in Polearms
   453 | D        | Killed a cyclops
   453 | D        | Reached skill level 15 in Polearms
   453 | D        | Reached XP level 8. HP: 75/75 MP: 8/8
   455 | D        | Reached skill level 16 in Polearms
   598 | D        | Noticed a cane toad
   598 | D        | Noticed a cane toad
   598 | D        | Noticed a yak
   598 | D        | Noticed a cane toad
   598 | D        | Noticed an eight-headed hydra
   598 | D        | Noticed a komodo dragon
   601 | D        | Killed a cane toad
   601 | D        | Noticed a komodo dragon
   602 | D        | Killed a cane toad
   602 | D        | Reached skill level 17 in Polearms
   602 | D        | Reached skill level 5 in Armour
   663 | D        | Noticed a cane toad
   670 | D        | HP: 2/114 [12-headed hydra (7)]
  1015 | D        | HP: 1/114 [20-headed hydra (7)]
  1015 | D        | Slain by a 20-headed hydra

Illustrated notes

Levels and vault maps discovered:
D:        linesprint [early_d, line_temple, items_1, d_10, items_2, lair_1,
          lair_end, items_3, orc_1, orc_end, items_4, d_15, swamp_1, shoals_1,
          snake_1, spider_1, d_20, vaults_1, items_5, swamp_end, shoals_end,
          snake_end, spider_end, vaults_end, d_27, items_6, zot_1, zot_end,
          crypt_end, forest_end, elf_end, slime_end, tomb_end, abyss_end,
          pan_hell_end]

Skill      XL: |  1  2  3  4  5  6  7  8 |
---------------+-------------------------+-----
Fighting       | 5 6 7 9 11 12 | 12.1
Polearms       | 7 8 10 12 13 15 17 | 17.6
Armour         | 2 3 4 5 |  5.0
Dodging        | 3 4 5 6 7 8 |  8.5
Stealth        | 1 2 |  2.9

Action                   |  1- 3 |  4- 6 |  7- 9 || total
-------------------------+-------+-------+-------++-------
Melee: Spear             |    18 |     5 |       ||    23
       Halberd           |       |    21 |    38 ||    59
Invok: Berserk           |     2 |     2 |     3 ||     7
Evoke: Wand              |       |       |     3 ||     3
  Use: Scroll            |       |       |     1 ||     1
Armor: Chain mail        |       |     6 |    50 ||    56
Dodge: Dodged            |     3 |     8 |    42 ||    53

Table legend: (Time is in decaauts)
 A = Elapsed time spent in this place.
 B = Non-inter-level travel time spent in this place.
 C = Inter-level travel time spent in this place.
 D = Time resting spent in this place.
 E = Time spent auto-exploring this place.
 F = Levels seen in this place.
 G = Mean time per level.
                   A        B        C        D        E       F      G
               +--------+--------+--------+--------+--------+-----+--------+
         Total |   1048 |   1048 |      0 |    767 |     83 |   1 | 1048.0 |
       Dungeon |   1048 |   1048 |      0 |    767 |     83 |   1 | 1048.0 |
               +--------+--------+--------+--------+--------+-----+--------+

Top non-repeatable levels by time:
       D: 1048 daAuts
